 Dungeon Crawl Stone Soup version 0.17-a0-877-ga10078a (webtiles) character file.

2912 patman the Epochal (level 9, -4/63 HPs)
             Began as a Demonspawn Monk on Apr 30, 2015.
             Was an Elder of Cheibriados.
             Slain by a red ugly thing (16 damage)
             ... on level 8 of the Dungeon.
             The game lasted 00:19:21 (5510 turns).

patman the Epochal (Demonspawn Monk)                Turns: 5510, Time: 00:19:21

Health: -4/63      AC:  6    Str: 23    XL:     9   Next: 49%
Magic:  11/16      EV: 22    Int: 21    God:    Cheibriados [****..]
Gold:   447        SH:  0    Dex: 33    Spells: 0 memorised, 8 levels left

rFire  . . .     SeeInvis .       - Unarmed
rCold  . . .     Clarity  .     i - +3 leather armour {rPois}
rNeg   + . .     SustAb   .     (no shield)
rPois  +         Gourm    .     (no helmet)
rElec  .         Spirit   .     (no cloak)
rCorr  .         Warding  .     (no gloves)
rMut   .         Stasis   .     (no boots)
MR     .....                    t - amulet of faith (curse)
Stlth  ++++......               (no ring)
                                G - ring of positive energy

@: agile, very slow, not resistant to hostile enchantments, stealthy
A: claws 1, repulsion field 2, powered by pain 1
a: Bend Time, Temporal Distortion, Slouch, Renounce Religion


You were on level 8 of the Dungeon.
You worshipped Cheibriados.
Cheibriados was greatly pleased with you.
You were not hungry.

You visited 1 branch of the dungeon, and saw 8 of its levels.
You also visited: Ossuary.

You collected 447 gold pieces.

Inventory:

Hand weapons
 F - a +0 mace of draining
Armour
 i - a +3 leather armour of poison resistance (worn)
Jewellery
 h - an uncursed amulet of guardian spirit
 t - a cursed amulet of faith (around neck)
 G - a ring of positive energy (left claw)
Magical devices
 y - a wand of cold (3)
Scrolls
 a - a scroll of blinking
 d - a scroll of fog {unknown}
 g - a scroll of enchant armour
 j - 4 scrolls of fear
 n - 2 scrolls of teleportation
 r - 2 scrolls of random uselessness {unknown}
 s - a scroll of magic mapping {unknown}
 v - a scroll of recharging {unknown}
 x - a scroll of enchant weapon {unknown}
 A - a scroll of brand weapon {unknown}
 D - a scroll of silence
Potions
 e - 3 potions of flight
 f - a potion of poison
 k - 2 potions of lignification
 l - a potion of agility
 m - a potion of haste {unknown}
 p - 2 potions of invisibility
 u - 4 potions of curing
 w - 2 potions of berserk rage {unknown}
 C - a potion of brilliance {unknown}
 E - a potion of might {unknown}
Books
 B - a book of Annihilations {highlevel}

   This book is beyond your current level of understanding.

   Spells                             Type                      Level
   a - Poison Arrow                   Conjuration/Poison           6
   b - Chain Lightning                Conjuration/Air              8
   c - Lehudib's Crystal Spear        Conjuration/Earth            8
   d - Glaciate                       Conjuration/Ice              9
   e - Fire Storm                     Conjuration/Fire             9
 H - an Akashic Record {highlevel, unknown}

   This book is beyond your current level of understanding.

   Spells                             Type                      Level
   a - Dispersal                      Translocation                6
   b - Controlled Blink               Translocation                7
   c - Malign Gateway                 Summoning/Translocation      7
   d - Disjunction                    Translocation                8
   e - Singularity                    Translocation                9
Comestibles
 b - 5 bread rations
 c - 3 meat rations
 o - 4 fruits
 q - 2 chunks of flesh


   Skills:
 - Level 3.0 Fighting
 - Level 2.6 Dodging
 - Level 1.7 Stealth
 - Level 10.1 Unarmed Combat
 * Level 10.6 Invocations


You had 8 spell levels left.
You didn't know any spells.

Dungeon Overview and Level Annotations

Branches:
Dungeon (8/15)             Temple (0/1) D:4
   Lair: D:8-11

Altars:
Ashenzari
Cheibriados
Vehumet
Xom

Shops:
D:7 (


Innate Abilities, Weirdness & Mutations

You have sharp fingernails.
You are surrounded by a moderate repulsion field (EV +3).
You sometimes gain a little power by taking damage.


Message History

A red ugly thing is nearby!
A red ugly thing is nearby!
You feel less confused.
An active ballistomycete comes into view.
You claw the active ballistomycete! You claw the active ballistomycete.
The active ballistomycete is heavily damaged.
You scratch the active ballistomycete but do no damage.
You claw the active ballistomycete.
The active ballistomycete is severely damaged.
You claw the active ballistomycete!
You destroy the active ballistomycete!
The fungal colony is destroyed.
A two-headed ogre comes into view.
It is wielding a giant club and a giant spiked club.
The red ugly thing closely misses you.
Use which ability? (? or * to list)
You can feel time thicken for a moment.
You feel somewhat more hungry. The red ugly thing headbutts you!
* * * LOW HITPOINT WARNING * * *
You are engulfed in flames!
You die...

#### #..# ##
#..# . ##.
###..# ... #..
#....###.O. #.#
#####.##........
#.#
#####.........#
#.#
#.....#...##u##
#.# # #..####@#
#.# #.## #.# #.#
#.# #.# #.# #.#
#.# #.# ##.# #.#
##.# ###### #..#
#.#
##########.†#
#.....###.## #.#
#..........##
..........# #.#
#........###
........### #.#
#........####


You could see a red ugly thing.

Vanquished Creatures
  Grinder (D:3)
  A hungry ghost (D:8)
  2 ice beasts (D:6)
  A sky beast (D:6)
  A necrophage (D:7)
  3 centaurs
  2 ogres (D:8)
  3 elf zombies (Ossuary)
  6 giant frogs
  5 killer bees (D:8)
  A scorpion (D:8)
  2 wights (D:6)
  A jelly (D:6)
  2 centaur zombies (Ossuary)
  A crimson imp (D:7)
  2 orc priests (D:7)
  7 human zombies (Ossuary)
  2 orc wizards (D:7)
  2 hounds
  An iguana (D:4)
  3 worker ants
  A hound zombie (D:7)
  3 mummies (Ossuary)
  5 adders
  7 gnolls (D:6)
  An ooze (D:1)
  3 worms
  An adder skeleton (D:4)
  5 giant geckos
  5 orcs
  A bat zombie (D:8)
  A giant cockroach (D:2)
  10 hobgoblins
  6 jackals
  A quokka (D:6)
  2 ball pythons (D:3)
  10 bats
  4 giant newts
  A giant spore (D:7)
  10 goblins
  A jackal zombie (D:6)
  10 kobolds
  14 rats
  4 ballistomycetes
155 creatures vanquished.

Vanquished Creatures (others)
  2 giant spores
2 creatures vanquished.

Grand Total: 157 creatures vanquished

Notes
Turn   | Place    | Note
--------------------------------------------------------------
     0 | D:1      | patman, the Demonspawn Monk, began the quest for the Orb.
     0 | D:1      | Reached XP level 1. HP: 18/18 MP: 1/1
   226 | D:1      | Reached skill level 4 in Unarmed Combat
   297 | D:1      | Gained mutation: You are surrounded by a mild repulsion field (EV +2). [demonic ancestry]
   297 | D:1      | Reached XP level 2. HP: 20/24 MP: 2/2
  1049 | D:2      | Gained mutation: You have sharp fingernails. [demonic ancestry]
  1049 | D:2      | Reached XP level 3. HP: 29/29 MP: 3/3
  1455 | D:2      | Found a radiant altar of Vehumet.
  1799 | D:3      | Reached skill level 5 in Unarmed Combat
  1894 | D:3      | Noticed a centaur
  1904 | D:3      | Killed a centaur
  1904 | D:3      | Reached XP level 4. HP: 10/35 MP: 2/4
  1904 | D:3      | Gained mutation: You sometimes gain a little power by taking damage. [demonic ancestry]
  1904 | D:3      | Reached XP level 5. HP: 11/41 MP: 2/5
  2194 | D:3      | Reached skill level 6 in Unarmed Combat
  2372 | D:3      | Found a shattered altar of Ashenzari.
  2381 | D:3      | Noticed a giant frog
  2389 | D:3      | Killed a giant frog
  2564 | D:3      | Noticed Grinder
  2569 | D:3      | Paralysed by Grinder for 2 turns
  2593 | D:3      | Killed Grinder
  2593 | D:3      | Reached skill level 7 in Unarmed Combat
  2593 | D:3      | Gained mutation: You are surrounded by a moderate repulsion field (EV +3). [demonic ancestry]
  2593 | D:3      | Reached XP level 6. HP: 26/47 MP: 0/6
  2843 | D:4      | Found a snail-covered altar of Cheibriados.
  2851 | D:4      | Became a worshipper of Cheibriados the Contemplative
  2851 | D:4      | Acquired Cheibriados's first power
  3043 | D:4      | Found a staircase to the Ecumenical Temple.
  3047 | D:4      | Reached XP level 7. HP: 43/52 MP: 5/7
  3222 | D:4      | Found a sand-covered staircase.
  3306 | Ossuary  | Entered an ossuary
  3350 | Ossuary  | Reached skill level 8 in Unarmed Combat
  3550 | Ossuary  | Reached skill level 9 in Unarmed Combat
  3677 | Ossuary  | Reached XP level 8. HP: 43/58 MP: 5/8
  3757 | D:5      | Entered Level 5 of the Dungeon
  3779 | D:5      | Found a shimmering altar of Xom.
  3869 | D:6      | Acquired Cheibriados's second power
  4109 | D:6      | Reached skill level 10 in Unarmed Combat
  4458 | D:6      | Reached skill level 5 in Invocations
  4673 | D:7      | Acquired Cheibriados's third power
  4833 | D:7      | Found Hyapso's Weapon Emporium.
  5135 | D:7      | Reached XP level 9. HP: 46/63 MP: 14/14
  5381 | D:8      | Acquired Cheibriados's fourth power
  5400 | D:8      | Reached skill level 10 in Invocations
  5502 | D:8      | Noticed a red ugly thing
  5510 | D:8      | Slain by a red ugly thing

Action                   |  1- 3 |  4- 6 |  7- 9 || total
-------------------------+-------+-------+-------++-------
Melee: Unarmed           |   135 |   101 |   362 ||   598
Invok: Slouch            |       |       |     2 ||     2
Evoke: Wand              |       |       |     1 ||     1
  Use: Scroll            |     5 |     1 |    10 ||    16
       Potion            |       |     1 |     1 ||     2
 Stab: Sleeping          |     7 |     1 |     8 ||    16
       Distracted        |       |       |     1 ||     1
  Eat: Chunk             |     2 |     2 |     1 ||     5
       Beef jerky        |     1 |       |       ||     1
       Royal jelly       |       |     1 |       ||     1
       Meat ration       |       |       |     1 ||     1
